 Dungeon Crawl Stone Soup version 0.25.1-8-g42b30a86e7 (webtiles) character file.

Game seed: 4763424924262753791

120 Clowwww the Magician (level 5, -4/31 HPs)
             Began as an Octopode Wizard on Dec 12, 2020.
             Killed by nerve-wracking pain
             ... invoked by Grinder
              (12 damage)
             ... on level 3 of the Dungeon.
             The game lasted 00:08:05 (3707 turns).

Clowwww the Magician (Octopode Wizard)              Turns: 3707, Time: 00:08:06

Health: -4/31      AC:  1    Str:  7    XL:     5   Next: 4%
Magic:  2/11       EV: 13    Int: 21    God:
Gold:   146        SH:  0    Dex: 10    Spells: 7/12 levels left

rFire    . . .     SeeInvis .   (no weapon)
rCold    . . .     Gourm    .   (no shield)
rNeg     . . .     Faith    .   a - +0 hat
rPois    .         Spirit   .   (no amulet)
rElec    .         Reflect  .   (no ring)
rCorr    .         Harm     .   (no ring)
MR       .....                  (no ring)
Stlth    +++.......             (no ring)
HPRegen  0.10/turn              (no ring)
MPRegen  0.12/turn              (no ring)
                                (no ring)
                                (no ring)

@: no status effects
A: almost no armour, stealthy swim, amphibious, 8 rings, constrict 8, camouflage
1, gelatinous body 1
a: no special abilities


You were on level 3 of the Dungeon.
You were hungry.

You visited 1 branch of the dungeon, and saw 3 of its levels.

You collected 146 gold pieces.

Inventory:

Armour
 a - a +0 hat (worn)
Scrolls
 b - a scroll of identify {unknown}
 e - 2 scrolls of remove curse {unknown}
 f - a scroll of blinking {unknown}
 h - 2 scrolls of magic mapping {unknown}
 i - 5 scrolls of teleportation {unknown}
Potions
 d - 2 potions of degeneration {unknown}
 j - a potion of berserk rage {unknown}
 k - a potion of flight {unknown}
 l - a potion of cancellation {unknown}
Comestibles
 c - 5 rations
 m - 5 chunks of flesh


   Skills:
 + Level 2.1 Dodging
 + Level 3.0 Stealth
 + Level 0.7 Unarmed Combat
 + Level 4.3 Spellcasting
 + Level 2.3 Conjurations
 + Level 1.3 Summonings
 + Level 1.0 Translocations


You had 7 spell levels left.
You knew the following spells:

 Your Spells              Type           Power        Failure   Level  Hunger
a - Magic Dart            Conj           ##..         4%          1    None
b - Blink                 Tloc           N/A          12%         2    #......
c - Call Imp              Summ           ##......     11%         2    #......

Your spell library contained the following spells:

 Spells                   Type           Power        Failure   Level  Hunger
 Slow                     Hex            #.......     17%         2    #......
 Conjure Flame            Conj/Fire      #.......     22%         3    ##.....
 Mephitic Cloud           Conj/Pois/Air  #.......     26%         3    ##.....


Dungeon Overview and Level Annotations

Branches:
Dungeon (3/15)

Altars:
Ashenzari
Kikubaaqudgha
Ru
Uskayaw
Wu Jian

Annotations:
D:3 Grinder


Innate Abilities, Weirdness & Mutations

You cannot wear most types of armour.
You are very stealthy in the water. (Stealth+)
You are amphibious.
You can wear up to eight rings at the same time.
You can use your tentacles to constrict eight enemies at once.
Your skin changes colour to match your surroundings (Stealth+).
Your rubbery body absorbs attacks. (AC +1, EV +1)


Message History

Your white imp hits Grinder.
Your white imp freezes Grinder.
Grinder completely resists.
You barely miss Grinder. You grab Grinder.
Grinder is lightly wounded.
You constrict Grinder.
Grinder blinks free!
Your magical contamination has completely faded away.
Grinder hits your white imp.
Your white imp closely misses Grinder.
Grinder gestures at you. Pain shoots through your body!
Your white imp barely misses Grinder.
Grinder hits you!
* * * LOW HITPOINT WARNING * * *
You writhe in agony.
* * * LOW HITPOINT WARNING * * *
Your white imp barely misses Grinder.
You barely miss Grinder. You grab Grinder.
Grinder is lightly wounded.
You constrict Grinder, but do no damage.
Grinder gestures at you. Pain shoots through your body!
You die...

.##.###......#
#.#
รท##.###.)....#
#.#
.##..........#
#.### #
.#########...#
#...##.# .#
###.# #.....# .#
#.#######.#.##.#
.# #.........#.#
# .#
####...####.# .#
#5@......# .#
#5..###..# .#
##### #..# .#
#..# ## #..#
#..######
#.......#
#.#####.# #.#
#.#


You could see Grinder and a friendly white imp (summoned).

Vanquished Creatures
  3 adders
  An ooze (D:3)
  A dart slug (D:1)
  3 leopard geckos
  An orc (D:3)
  A ball python (D:2)
  3 giant cockroaches (D:1)
  9 goblins
  12 hobgoblins
  11 jackals
  4 kobolds
  5 bats
  2 frilled lizards
  4 rats (D:2)
60 creatures vanquished.

Vanquished Creatures (collateral kills)
  An adder (D:2)
  A worm (D:1)
  A giant cockroach (D:2)
  2 goblins
  A jackal (D:1)
6 creatures vanquished.

Grand Total: 66 creatures vanquished

Notes
Turn   | Place    | Note
-------+----------+-------------------------------------------
     0 | D:1      | Clowwww the Octopode Wizard began the quest for the Orb.
     0 | D:1      | Reached XP level 1. HP: 11/11 MP: 4/4
   186 | D:1      | Reached XP level 2. HP: 13/17 MP: 0/6
   337 | D:1      | Learned a level 2 spell: Blink
   340 | D:1      | Learned a level 2 spell: Call Imp
  1033 | D:1      | Reached XP level 3. HP: 14/21 MP: 0/8
  1918 | D:2      | Found a shattered altar of Ashenzari.
  2118 | D:2      | Reached skill level 4 in Spellcasting
  2118 | D:2      | Reached XP level 4. HP: 13/27 MP: 1/10
  3111 | D:3      | Found an ornate altar of the Wu Jian Council.
  3111 | D:3      | Found a hide-covered altar of Uskayaw.
  3437 | D:3      | Found a sacrificial altar of Ru.
  3440 | D:3      | Found an ancient bone altar of Kikubaaqudgha.
  3511 | D:3      | Reached XP level 5. HP: 27/31 MP: 6/11
  3669 | D:3      | Noticed Grinder
  3707 | D:3      | Killed from afar by Grinder

Illustrated notes

Levels and vault maps discovered:
D:1:      erik_arrival_cave_to_civilisation [erik_arrival_cave_to_hall],
          layout_basic
D:2:      layout_rooms, hex_medium, evilmike_ruin_ashenzari
D:3:      layout_loops_ring, grunt_temple_overflow_forces_of_nature,
          nicolae_overflow_hidden_temple,
          chequers_temple_overflow_statue_of_worship, kennysheep_generic_room_2,
          uniq_grinder

Skill      XL: |  1  2  3  4 |
---------------+-------------+-----
Stealth        | 3 |  3.0
Spellcasting   | 4 |  4.3
Conjurations   | 2 |  2.3
Dodging        | |  2.1
Unarmed Combat | |  0.7
Summonings     | |  1.3
Translocations | |  1.0

Action                   |  1- 3 |  4- 6 || total
-------------------------+-------+-------++-------
Melee: Unarmed           |    35 |    35 ||    70
       Constrict         |     9 |     9 ||    18
       Tentacles         |     3 |     6 ||     9
 Cast: Magic Dart        |    87 |    54 ||   141
       Call Imp          |     6 |     6 ||    12
       Blink             |       |     2 ||     2
  Use: Potion            |       |     1 ||     1
  Eat: Chunk             |     4 |     4 ||     8
Armor: Skin              |     4 |     5 ||     9
Dodge: Dodged            |    38 |    40 ||    78
